AoeStats
← Mr. Lais

Fortress

509325021Analyzed
2v2 RM · 4d ago on Sep 26, 2026· 50m 51s· 4 players
Game mode
Random Map
Map size
Normal (6 player)
Population
200
Speed
Normal
Resources
Standard
Victory
Conquest
Starting age
Dark Age
Ending age
Imperial Age
RankedLock teamsTeams togetherTeam positionsShared explorationLock speedFull tech treeHidden civsTurbo modeCheats
Victory
Defeat
🇫🇷 Khmer · France
960
+13
🇫🇷 Koreans · France
938
+14
🇩🇪 Chinese · Germany
901
-14
🇩🇪 Huns · Germany
892
-13
Mr. Lais
7:33 Feudal Age
8:33 Double-Bit Axe
10:27 Loom
13:42 Castle Age
12:26 Gold Mining
12:19 Horse Collar
13:13 Fletching
13:24 Padded Archer Armor
15:11 Wheelbarrow
15:28 Bow Saw
22:46 Hand Cart
23:38 Leather Archer Armor
24:13 Ballistics
23:56 Heavy Plow
25:26 Gold Shaft Mining
26:19 Sanctity
26:12 Fervor
26:34 Bodkin Arrow
30:31 Imperial Age
32:17 Two-Man Saw
32:21 Ring Archer Armor
31:52 Bracer
33:25 Conscription
33:19 Caravan
33:32 Town Watch
34:38 Town Patrol
34:32 Stone Mining
35:46 Chemistry
34:59 Fortified Wall
34:45 Murder Holes
35:24 Rocketry
34:59 Heavy Rocket Cart
37:11 Forging
38:58 Elite Chu Ko Nu
40:20 Heavy Scorpion
41:11 Great Wall
46:59 Capped Ram
48:07 Siege Ram
Macabros
6:19 Loom
9:43 Feudal Age
10:17 Double-Bit Axe
10:24 Town Watch
16:07 Castle Age
14:45 Horse Collar
14:59 Gold Mining
15:06 Stone Mining
16:26 Pikeman
17:31 Husbandry
17:41 Bloodlines
16:53 Light Cavalry
17:48 Bow Saw
21:19 Forging
22:54 Heavy Plow
23:30 Squires
25:49 Padded Archer Armor
25:40 Fletching
25:50 Arson
29:08 Iron Casting
29:24 Scale Mail Armor
29:30 Scale Barding Armor
29:41 Leather Archer Armor
34:13 Marauders
37:22 Chain Barding Armor
37:20 Chain Mail Armor
40:04 Gold Shaft Mining
42:19 Imperial Age
44:30 Blast Furnace
44:06 Plate Barding Armor
43:27 Bodkin Arrow
44:19 Cavalier
49:21 Halberdier
LeCissé
5:32 Feudal Age
7:07 Loom
10:51 Castle Age
8:55 Double-Bit Axe
9:59 Horse Collar
11:35 Wheelbarrow
15:54 Bow Saw
23:08 Imperial Age
21:16 Hand Cart
21:50 Town Watch
24:02 Bloodlines
25:00 Husbandry
25:27 Conscription
25:12 Gold Mining
25:12 Stone Mining
27:49 Scale Barding Armor
33:51 Tusk Swords
34:17 Ballistics
34:21 Chain Barding Armor
35:38 Heavy Plow
36:42 Town Patrol
37:08 Double Crossbow
36:45 Elite Ballista Elephant
37:47 Forging
41:30 Plate Barding Armor
43:56 Chemistry
Boba Fett
9:29 Feudal Age
9:55 Double-Bit Axe
9:52 Horse Collar
10:26 Gold Mining
10:26 Stone Mining
15:12 Castle Age
13:49 Wheelbarrow
12:59 Town Watch
13:00 Loom
15:52 Heavy Plow
16:28 Bow Saw
16:59 Husbandry
17:52 Gold Shaft Mining
17:53 Stone Shaft Mining
17:32 Scale Barding Armor
17:38 Forging
23:31 Eupseong
24:21 Chain Barding Armor
24:29 Hand Cart
24:14 Town Patrol
26:31 Ballistics
27:43 Devotion
29:33 Iron Casting
29:32 Fletching
33:37 Imperial Age
32:01 Masonry
33:38 Cavalier
33:40 Elite War Wagon
35:25 Two-Man Saw
34:29 Caravan
34:43 Bodkin Arrow
34:49 Scale Mail Armor
36:31 Conscription
42:10 Architecture
41:42 Light Cavalry
42:49 Hussar
49:52 Bracer
50:08 Chain Mail Armor
Connection lost

Rejoining the realm…

Still unreachable

The connection could not be restored.

Session expired

The server has moved on; the page needs a fresh start.